AoeStats
← Diosito

Nomad

506637601Analyzed
2v2 RM · 18d ago on Sep 14, 2026· 37m 53s· 4 players
Game mode
Random Map
Map size
176×176
Population
200
Speed
Normal
Resources
Standard
Victory
Conquest
Starting age
Dark Age
Ending age
Imperial Age
RankedLock teamsTeams togetherTeam positionsShared explorationLock speedFull tech treeHidden civsTurbo modeCheats
Victory
Defeat
🇹🇼 Vietnamese · Taiwan
1128
+14
🇹🇼 Khmer · Taiwan
1052
+17
🇩🇪 Huns · Germany
1102
-16
🇦🇷 Ethiopians · Argentina
1075
-15
清華校草
4:51 Loom
15:47 Feudal Age
19:45 Castle Age
18:19 Double-Bit Axe
18:25 Gold Mining
19:26 Fletching
21:49 Bodkin Arrow
29:11 Ballistics
29:47 Padded Archer Armor
32:41 Bow Saw
32:33 Horse Collar
35:07 Wheelbarrow
39:31 Imperial Age
轉隊長就跳海
3:14 Loom
13:05 Feudal Age
17:19 Fishing Lines
21:06 Castle Age
19:47 Bloodlines
22:07 Scale Barding Armor
22:13 Forging
24:41 Chain Barding Armor
29:05 Husbandry
Afterglow
14:53 Feudal Age
13:09 Loom
16:00 Double-Bit Axe
18:01 Wheelbarrow
20:37 Castle Age
18:21 Fishing Lines
22:09 Gillnets
24:06 Pikeman
24:07 Man-at-Arms
24:48 Squires
24:49 Scale Mail Armor
25:00 Forging
25:48 Hand Cart
Diosito
6:50 Loom
15:47 Feudal Age
19:46 Castle Age
19:22 Double-Bit Axe
20:03 Crossbowman
24:44 Wheelbarrow
23:57 Town Watch
24:30 Scale Mail Armor
24:41 Fletching
30:05 Padded Archer Armor
29:26 Elite Skirmisher
30:19 Bow Saw
32:52 Horse Collar
34:07 Medium Warships
35:30 Thumb Ring
Connection lost

Rejoining the realm…

Still unreachable

The connection could not be restored.

Session expired

The server has moved on; the page needs a fresh start.